 Dungeon Crawl Stone Soup version 0.29-a0-648-g6b26cc9f40 (webtiles) character file.

Game seed: 3251228562049840134

65783 frimble the Unseen (level 15, -3/114 HPs)
             Began as an Octopode Warper on June 21, 2022.
             Was a High Priest of Ashenzari.
             Slain by an orc warlord
             ... wielding a +3 dire flail
              (29 damage)
             ... on level 2 of the Orcish Mines.
             The game lasted 00:51:24 (32491 turns).

frimble the Unseen (Octopode Warper)               Turns: 32491, Time: 00:51:25

Health: -3/114     AC:  7    Str: 10    XL:     15   Next: 17%
Magic:  25/39      EV: 24    Int: 24    God:    Ashenzari [*****.]
Gold:   1412       SH: 11    Dex: 15    Spells: 15/23 levels left

rFire   + . .      SeeInvis +   b - +1 double sword (holy)
rCold   + + .      Faith    .   h - +1 buckler "Elysian Augurer" {Alch, Evo} (curse)
rNeg    . . .      Spirit   .   v - +2 hat of Ashenzari's Elitism {rPois Will+ rCorr Int+2, Self, Cun} (curse)
rPois   +          Reflect  +   o - amulet "Clairvoyant Seer" {Reflect SH+5, Elem, Comp} (curse)
rElec   .          Harm     .   r - ring of the Prescient Seer {rCorr, Bglg, Self} (curse)
rCorr   +          Rampage  .   g - ring of Curses and Power {AC+4, Range, Melee} (curse)
Will    ++...      Clarity  +   p - ring "Ethics of Ashenzari" {Fly, Cun, Range} (curse)
Stlth   +++++++++.              A - ring of the Eternal God {MP+9, Cun, Elem} (curse)
HPRegen 0.29/turn               m - ring "Visionary Gnosis" {MP+9, Elem, Range} (curse)
MPRegen 0.26/turn               G - ring "Yoke of Ashenzari" {rC+, Cun, Elem} (curse)
                                N - ring of Ashenzari's Gnosis {EV+4, Comp, Melee} (curse)
                                j - ring of the Celestial Augur {rC+, Elem, Melee} (curse)

@: flying, very slightly contaminated
A: almost no armour, amphibious, 8 rings, camouflage 1, gelatinous body 1,
(nimble swimmer 1), tentacles, clever 1, fire resistance 1, poison resistance
a: Renounce Religion, Shatter the Chains


You were on level 2 of the Orcish Mines.
You worshipped Ashenzari.
Ashenzari was extremely pleased with you.
You visited 4 branches of the dungeon, and saw 23 of its levels.

You collected 1741 gold pieces.
You spent 329 gold pieces at shops.

Inventory:

Hand Weapons
 a - a +2 dagger of venom
 b - a +1 double sword of holy wrath (weapon)
 z - a +2 hunting sling of freezing
Missiles
 P - 3 boomerangs
Armour
 h - the cursed +1 buckler "Elysian Augurer" (worn) {Alch, Evo}
   (You found it on level 1 of the Dungeon)

   It has a curse which improves the following skills: Alchemy: Poison Magic and
   Transmutations.
   Evocations: Evocations.
 v - the cursed +2 hat of Ashenzari's Elitism (worn) {rPois Will+ rCorr Int+2, Self, Cun}
   (You acquired it on level 8 of the Dungeon)

   Int:       It affects your intelligence (+2).
   rPois:     It protects you from poison.
   rCorr:     It protects you from acid and corrosion.
   Will:      It increases your willpower.
   It has a curse which improves the following skills: Introspection: Fighting
   and Spellcasting.
   Cunning:   Dodging and Stealth.
Jewellery
 g - the cursed ring of Curses and Power (right tentacle) {AC+4, Range, Melee}
   (You found it on level 3 of the Dungeon)

   [ring of protection]

   AC:        It affects your AC (+4).
   It has a curse which improves the following skills: Ranged Combat: Slings,
   Bows, Crossbows and Throwing.
   Melee Combat: Short Blades, Long Blades, Axes, Maces & Flails, Polearms,
   Staves and Unarmed Combat.
 j - the cursed ring of the Celestial Augur (on tentacle) {rC+, Elem, Melee}
   (You found it on level 5 of the Lair of Beasts)

   [ring of protection from cold]

   rC:        It protects you from cold.
   It has a curse which improves the following skills: Elements: Fire Magic, Ice
   Magic, Air Magic and Earth Magic.
   Melee Combat: Short Blades, Long Blades, Axes, Maces & Flails, Polearms,
   Staves and Unarmed Combat.
 m - the cursed ring "Visionary Gnosis" (on tentacle) {MP+9, Elem, Range}
   (You found it on level 11 of the Dungeon)

   [ring of magical power]

   MP:        It affects your magic capacity (+9).
   It has a curse which improves the following skills: Elements: Fire Magic, Ice
   Magic, Air Magic and Earth Magic.
   Ranged Combat: Slings, Bows, Crossbows and Throwing.
 o - the cursed amulet "Clairvoyant Seer" (around mantle) {Reflect SH+5, Elem, Comp}
   (You found it on level 3 of the Dungeon)

   [amulet of reflection]

   It reflects blocked missile attacks.
   SH:        It affects your SH (+5).
   It has a curse which improves the following skills: Elements: Fire Magic, Ice
   Magic, Air Magic and Earth Magic.
   Companions: Summonings and Necromancy.
 p - the cursed ring "Ethics of Ashenzari" (on tentacle) {Fly, Cun, Range}
   (You found it on level 5 of the Dungeon)

   [ring of flight]

   Fly:       It grants you flight.
   It has a curse which improves the following skills: Cunning: Dodging and
   Stealth.
   Ranged Combat: Slings, Bows, Crossbows and Throwing.
 r - the cursed ring of the Prescient Seer (left tentacle) {rCorr, Bglg, Self}
   (You found it on level 3 of the Dungeon)

   [ring of resist corrosion]

   rCorr:     It protects you from acid and corrosion.
   It has a curse which improves the following skills: Beguiling: Conjurations,
   Hexes and Translocations.
   Introspection: Fighting and Spellcasting.
 A - the cursed ring of the Eternal God (on tentacle) {MP+9, Cun, Elem}
   (You found it on level 8 of the Dungeon)

   [ring of magical power]

   MP:        It affects your magic capacity (+9).
   It has a curse which improves the following skills: Cunning: Dodging and
   Stealth.
   Elements:  Fire Magic, Ice Magic, Air Magic and Earth Magic.
 G - the cursed ring "Yoke of Ashenzari" (on tentacle) {rC+, Cun, Elem}
   (You found it on level 11 of the Dungeon)

   [ring of protection from cold]

   rC:        It protects you from cold.
   It has a curse which improves the following skills: Cunning: Dodging and
   Stealth.
   Elements:  Fire Magic, Ice Magic, Air Magic and Earth Magic.
 N - the cursed ring of Ashenzari's Gnosis (on tentacle) {EV+4, Comp, Melee}
   (You acquired it on level 5 of the Lair of Beasts)

   [ring of evasion]

   EV:        It affects your evasion (+4).
   It has a curse which improves the following skills: Companions: Summonings
   and Necromancy.
   Melee Combat: Short Blades, Long Blades, Axes, Maces & Flails, Polearms,
   Staves and Unarmed Combat.
Wands
 q - a wand of charming (3)
 t - a wand of quicksilver (41)
 F - a wand of iceblast (5)
 J - a wand of polymorph (2)
 K - a wand of flame (23)
 S - a wand of digging (4)
Scrolls
 c - 2 scrolls of poison
 f - 3 scrolls of immolation
 w - 2 scrolls of torment
 x - 4 scrolls of fog
 y - 3 scrolls of teleportation
 D - 7 scrolls of blinking
 H - 2 scrolls of fear
 I - 2 scrolls of magic mapping
 L - a scroll of amnesia
 Q - 2 scrolls of vulnerability
 T - a scroll of enchant armour
Potions
 d - 10 potions of curing
 e - 6 potions of brilliance
 i - 2 potions of ambrosia
 k - 2 potions of magic
 l - 3 potions of resistance
 n - 3 potions of haste
 s - 2 potions of invisibility
 u - 5 potions of attraction
 B - a potion of might
 C - a potion of flight
 M - a potion of mutation
 O - a potion of cancellation
 U - a potion of heal wounds
Miscellaneous
 E - a tin of tremorstones (inert)
 R - a phantom mirror (inert)


   Skills:
 + Level 11.0(14.4) Fighting
 - Level 9.4(15.6) Short Blades
 + Level 11.6(17.0) Long Blades
 - Level 7.0(11.5) Throwing
 + Level 8.2(13.6) Dodging
 - Level 15.8(21.1) Stealth
 - Level 5.6 Shields
 - Level 2.0(4.5) Spellcasting
 + Level 5.1(7.3) Conjurations
 - Level 8.5(10.8) Translocations
 + Level 5.1(7.4) Transmutations
 + Level 2.1(3.9) Evocations


You had 15 spell levels left.
You knew the following spells:

 Your Spells              Type           Power      Damage    Failure   Level
a - Blink                 Tloc           100%       N/A       1%          2
b - Apportation           Tloc           100%       N/A       1%          1
c - Irradiate             Conj/Tmut      20%        3d20      16%         5

Your spell library contained the following spells:

 Spells                   Type           Power      Damage    Failure   Level
 Wereblood                Tmut           40%        N/A       1%          2
 Gell's Gravitas          Tloc           55%        N/A       1%          3
 Lesser Beckoning         Tloc           55%        N/A       1%          3
 Teleport Other           Tloc           55%        N/A       1%          3
 Portal Projectile        Hex/Tloc       64%        N/A       3%          3
 Manifold Assault         Tloc           55%        N/A       3%          5
 Stone Arrow              Conj/Erth      50%        3d10      6%          3
 Dazzling Flash           Conj/Hex       46%        N/A       8%          3
 Necrotize                Necr           28%        1d5       10%         1
 Summon Small Mammal      Summ           28%        N/A       10%         1
 Slow                     Hex            24%        N/A       11%         1
 Sublimation of Blood     Necr           7%         N/A       14%         2
 Petrify                  Tmut/Erth      25%        N/A       21%         4
 Ozocubu's Armour         Ice            10%        N/A       24%         3
 Call Canine Familiar     Summ           7%         N/A       28%         3
 Vampiric Draining        Necr           7%         2d6       28%         3
 Confusing Touch          Hex            6%         N/A       30%         3
 Alistair's Intoxication  Tmut/Pois      15%        N/A       56%         5
 Leda's Liquefaction      Hex/Erth       4%         N/A       65%         4
 Metabolic Englaciation   Hex/Ice        4%         N/A       94%         5
 Silence                  Hex/Air        4%         N/A       94%         5
 Agony                    Necr           7%         N/A       95%         5
 Simulacrum               Ice/Necr       4%         N/A       100%        6
 Summon Hydra             Summ           3%         N/A       100%        7
 Lehudib's Crystal Spear  Conj/Erth      12%        10d4      100%        8
 Animate Armour           Summ/Erth      Unusable   N/A       N/A         4

Dungeon Overview and Level Annotations

Branches:
Dungeon (14/15)            Temple (1/1) D:5            Lair (6/6) D:8
  Swamp (0/4) Lair:2        Snake (0/4) Lair:4        Slime (0/5) Lair:5
    Orc (2/2) D:11
    Elf: Orc:2       Vaults: D:13-14

Altars:
Ashenzari
Cheibriados
Dithmenos
Elyvilon
Fedhas
Gozag
Hepliaklqana
Kikubaaqudgha
Makhleb
Nemelex Xobeh
Okawaru
Qazlal
Ru
Sif Muna
Trog
Uskayaw
Vehumet
Wu Jian
Xom
Yredelemnul
Zin
The Shining One
Lugonu

Shops:
D:6 =   D:12 *

Portals:
Abyss: Lair:6

Annotations:
Lair:2 exclusions: 2 tyrant leeches and 2 more exclusions


Innate Abilities, Weirdness & Mutations

You cannot wear most types of armour.
You are amphibious.
You can wear up to eight rings at the same time.
Your skin changes colour to match your surroundings (Stealth+).
Your rubbery body absorbs attacks. (AC +1, EV +1)
((You are camouflaged when in or above water. (Stealth+)))
You have tentacles for arms and can constrict up to eight enemies at once.
Your mind is acute. (Int +4, Str/Dex-1)
Your flesh is heat resistant. (rF+)
Your system is resistant to poisons. (rPois)


Message History

You are very lightly contaminated with residual magic.
Nothing appears to happen.
The orc wizard barely misses you. You block the orc priest's attack.
The orc warrior completely misses you.
The orc warrior hits you with a +0 war axe!!
Casting: Irradiate (dangerous; 16% risk of failure)
Confirm with . or Enter, or press ? or * to list all spells.
You erupt in a fountain of uncontrolled magic!
The orc wizard is blasted with magical radiation!!
You kill the orc wizard!
The orc warrior is blasted with magical radiation!!
You kill the orc warrior!
The orc priest is blasted with magical radiation!!
You kill the orc priest!
The orc warrior is blasted with magical radiation!!
The orc warrior is severely wounded.
The orc warrior twists and deforms.
The orc warrior closely misses you.
You slash the orc warrior!
You kill the orc warrior!
Casting: Irradiate (dangerous; 16% risk of failure)
Confirm with . or Enter, or press ? or * to list all spells.
You erupt in a fountain of uncontrolled magic!
The orc warlord is blasted with magical radiation!!
The orc warlord is moderately wounded.
The orc warlord twists and deforms.
The orc warlord completely misses you.
Your orc warlord hits the orc warlord with a +3 dire flail!
You slash the orc warlord! Your grab misses the orc warlord.
You squeeze the orc warlord.
The orc warlord is severely wounded.
Your orc warlord shimmers and vanishes!
The orc warlord completely misses you.
You slash the orc warlord! Your grab misses the orc warlord.
The orc warlord is severely wounded.
The orc warlord hits you with a +3 dire flail!
* * * LOW HITPOINT WARNING * * *
You slash the orc warlord! You grab the orc warlord.
You squeeze the orc warlord.
The orc warlord is almost dead.
You constrict the orc warlord.
The orc warlord hits you with a +3 dire flail!!
You die...

......)##..........##
*,, *
......)..............,
, .....................
, ,, ,
..$..................
,, ,
ho#.#..........##....,,
, ,.#...#.........##
... ,, * ,
,,..##.........##* ..,
, **, ,
,.###..))o.).##.* .. ,
, , ,,#...)@.....##...,
*,, * ,
...$...#.##........,,*
,* .......###))).....#
*,,* * ,
*......######....... **
* * ......,######......
* .....$ ######.....#*
* ...... , *#...## * *
* * ,,∆ *#...# * * *
*** * *#.## *


You could see an orc warlord (misshapen).

Vanquished Creatures
  A catoblepas (D:13)
  5 hydras
  A boulder beetle (D:13)
  5 two-headed ogres
  A death yak (Lair:5)
  4 thrashing horrors (Lair:6)
  A sun demon (D:13)
  A sea snake (shapeshifter) (Lair:6)
  A sixfirhy (D:13)
  2 orc knights (Orc:1)
  Pikel (D:7)
  9 ugly things
  2 cyclopes (shapeshifter) (Lair:6)
  A deep elf pyromancer (D:13)
  An orc sorcerer (Orc:2)
  A cyclops (D:13)
  8 elephants (Lair:6)
  A large abomination (Lair:6)
  A smoke demon (D:13)
  4 black mambas
  A gargoyle (D:11)
  2 unseen horrors
  A torpor snail (Lair:5)
  Maurice (D:13)
  8 cane toads
  3 rime drakes
  An efreet (D:14)
  4 komodo dragons
  2 kobold demonologists
  2 ancient zymes (Lair:6)
  5 ice devils
  A red devil (D:13)
  2 polar bears
  6 trolls
  7 hornets
  5 slime creatures (D:12)
  13 blink frogs
  Prince Ribbit (D:7)
  15 dream sheep
  4 wraiths
  A shadow (D:11)
  40 yaks
  2 ynoxinuls
  6 wyverns
  A vampire (D:12)
  10 basilisks
  6 chaos spawn
  Grum (D:8)
  3 neqoxecs (D:13)
  2 steam dragons
  4 vampire mosquitoes (D:14)
  Edmund (D:6)
  5 wargs
  An acid dragon (D:13)
  2 nagas (Lair:4)
  15 water moccasins
  11 orc warriors
  A black bear (D:5)
  A sky beast (D:7)
  2 ice beasts (D:6)
  2 ogres
  10 small abominations (Lair:6)
  2 centaurs
  19 wolves
  6 kobold brigands
  12 bullfrogs
  A gnoll sergeant (D:11)
  8 scorpions
  A necrophage (D:6)
  A cane toad simulacrum (Lair:5)
  7 wights
  12 howler monkeys
  3 electric eels
  4 hounds
  3 jellies
  8 orc priests
  4 iguanas
  15 orc wizards
  4 hell rats (Lair:3)
  2 spriggan simulacra (Lair:5)
  A troll simulacrum (Lair:5)
  A wolf simulacrum (Lair:5)
  Robin (D:4)
  7 adders
  9 gnolls
  A naga simulacrum (Lair:5)
  A white imp (D:5)
  4 worms
  2 dart slugs (D:2)
  39 orcs
  9 ball pythons
  10 endoplasms
  3 giant cockroaches
  13 goblins
  11 hobgoblins
  4 jackals (D:2)
  28 kobolds
  5 quokkas
  10 bats
  2 frilled lizards
  7 rats
542 creatures vanquished.

Vanquished Creatures (collateral kills)
  3 hydras
  An orange demon (D:13)
  An ice devil (Lair:5)
  A komodo dragon (Lair:1)
  3 yaks (Lair:5)
  A water moccasin (Lair:5)
  A wolf (Lair:5)
  A centaur (D:7)
  A scorpion (D:8)
  A wight (D:7)
  2 iguanas
16 creatures vanquished.

Vanquished Creatures (others)
  A boulder beetle (D:13)
  A two-headed ogre (D:13)
  A komodo dragon (Lair:1)
  A yak (Lair:5)
  An iguana (Lair:1)
  A kobold (D:10)
  2 bushes (D:8)
  A demonic plant (D:13)
  44 fungi
  55 plants
108 creatures vanquished.

Grand Total: 666 creatures vanquished

Notes
Turn   | Place    | Note
-------+----------+-------------------------------------------
     0 | D:1      | frimble the Octopode Warper began the quest for the Orb.
     0 | D:1      | Reached XP level 1. HP: 14/14 MP: 3/3
    98 | D:1      | Reached skill level 1 in Stealth
   188 | D:1      | Reached XP level 2. HP: 15/19 MP: 5/5
   194 | D:1      | Learned a level 2 spell: Blink
   514 | D:1      | Reached skill level 2 in Stealth
  1041 | D:1      | Reached XP level 3. HP: 24/24 MP: 6/6
  1466 | D:2      | Reached skill level 1 in Short Blades
  1466 | D:2      | Reached skill level 1 in Shields
  1828 | D:2      | Reached XP level 4. HP: 15/29 MP: 7/7
  2918 | D:2      | Reached XP level 5. HP: 11/34 MP: 8/8
  3376 | D:3      | Found a faded altar of an unknown god.
  3948 | D:4      | Noticed Robin
  3989 | D:4      | Killed Robin
  4113 | D:4      | Noticed an ogre
  4136 | D:4      | Killed an ogre
  4137 | D:4      | Reached XP level 6. HP: 39/39 MP: 7/9
  4152 | D:4      | Identified the +1 pair of boots of Kufonligi {rElec Str+2
                  | Int+7}
  4339 | D:4      | Found a glowing golden altar of the Shining One.
  4511 | D:4      | Found a sacrificial altar of Ru.
  4716 | D:4      | You fall into a shaft and drop 1 floor!
  4716 | D:5      | Entered Level 5 of the Dungeon
  4794 | D:5      | Learned a level 1 spell: Apportation
  4811 | D:5      | Reached XP level 7. HP: 32/45 MP: 10/10
  5163 | D:5      | Reached skill level 5 in Short Blades
  5163 | D:5      | Reached skill level 5 in Shields
  5676 | D:5      | Noticed a wyvern
  5706 | D:5      | Found a staircase to the Ecumenical Temple.
  5723 | Temple   | Entered the Ecumenical Temple
  6056 | D:6      | Noticed Edmund
  6071 | D:6      | Killed Edmund
  6072 | D:6      | Reached skill level 1 in Evocations
  6072 | D:6      | Reached XP level 8. HP: 50/50 MP: 8/11
  6190 | D:6      | Found Lairehe's Jewellery Shop.
  6203 | D:6      | Found an ornate altar of the Wu Jian Council.
  7538 | D:7      | Found a sparkling altar of Nemelex Xobeh.
  7615 | D:7      | Noticed Prince Ribbit
  7620 | D:7      | Killed Prince Ribbit
  7621 | D:7      | Reached XP level 9. HP: 58/58 MP: 12/12
  7699 | D:7      | Noticed Pikel
  7719 | D:7      | Killed Pikel
  7720 | D:7      | Reached skill level 5 in Dodging
  7976 | D:8      | Reached skill level 5 in Fighting
  8102 | D:8      | Identified a scroll of acquirement
  8102 | D:8      | Acquired the +2 hat "Wyala" {rPois Will+ rCorr Int+2}
  8504 | D:8      | Found a shimmering blue altar of Sif Muna.
  8750 | D:8      | Noticed a two-headed ogre
  8752 | D:8      | Found a staircase to the Lair.
  8762 | D:8      | Noticed Grum
  8764 | D:8      | Killed Grum
  9142 | D:7      | Reached XP level 10. HP: 68/68 MP: 13/13
  9154 | D:7      | Reached skill level 5 in Translocations
 11255 | D:8      | Killed a two-headed ogre
 11341 | D:8      | Found a shimmering altar of Xom.
 11699 | D:9      | Found an ancient bone altar of Kikubaaqudgha.
 11950 | D:9      | Reached XP level 11. HP: 44/75 MP: 14/14
 12221 | D:9      | Found an opulent altar of Gozag.
 12248 | D:9      | Found a shadowy altar of Dithmenos.
 12365 | D:9      | Reached skill level 3 in Stealth
 12499 | D:9      | Noticed a two-headed ogre
 12544 | D:9      | Killed a two-headed ogre
 12936 | D:9      | Reached skill level 4 in Stealth
 13159 | D:9      | Found a broken altar of Ashenzari.
 13165 | D:9      | Became a worshipper of Ashenzari the Shackled
 13193 | D:9      | Found a blossoming altar of Fedhas.
 13252 | D:10     | Entered Level 10 of the Dungeon
 13780 | D:10     | Noticed a two-headed ogre
 13815 | D:10     | Killed a two-headed ogre
 13816 | D:10     | Reached skill level 5 in Stealth
 13995 | D:10     | Noticed a sixfirhy
 13996 | D:10     | Noticed a sun demon
 14597 | D:11     | Noticed a five-headed hydra
 14655 | Lair:1   | Entered Level 1 of the Lair of Beasts
 15186 | Lair:1   | Reached skill level 6 in Stealth
 15186 | Lair:1   | Reached * piety under Ashenzari
 15448 | Lair:1   | Noticed a five-headed hydra
 15657 | Lair:2   | Found a staircase to the Swamp.
 15999 | Lair:2   | Reached skill level 5 in Long Blades
 15999 | Lair:2   | Reached XP level 12. HP: 85/86 MP: 16/16
 16238 | Lair:2   | Reached ** piety under Ashenzari
 16725 | Lair:3   | Reached skill level 7 in Stealth
 17214 | Lair:3   | Found an ancient bone altar of Kikubaaqudgha.
 17442 | Lair:3   | Noticed a four-headed hydra
 17444 | Lair:3   | Reached *** piety under Ashenzari
 17458 | Lair:3   | Killed a four-headed hydra
 17835 | Lair:2   | Killed a five-headed hydra
 17836 | Lair:2   | Reached skill level 8 in Stealth
 18698 | Lair:4   | Reached skill level 5 in Throwing
 18707 | Lair:4   | Found a staircase to the Snake Pit.
 18715 | Lair:4   | Reached **** piety under Ashenzari
 19375 | Lair:4   | Reached skill level 9 in Stealth
 19833 | Lair:4   | Acquired a +1 double sword of holy wrath
 19910 | Lair:5   | Noticed an eight-headed hydra
 19926 | Lair:5   | Noticed a five-headed hydra
 19928 | Lair:5   | Killed an eight-headed hydra
 19933 | Lair:5   | Killed a five-headed hydra
 19934 | Lair:5   | Reached skill level 10 in Fighting
 19934 | Lair:5   | Reached XP level 13. HP: 64/98 MP: 19/19
 19949 | Lair:5   | Reached skill level 10 in Stealth
 20717 | D:11     | Noticed Psyche
 20943 | D:11     | Found a staircase to the Orcish Mines.
 21093 | D:11     | Noticed Psyche
 21093 | D:11     | Psyche changed into Psyche the bullfrog
 21097 | D:11     | Killed Psyche the bullfrog
 21233 | D:12     | Found Badgho's Assorted Antiques.
 21239 | D:12     | Bought a cyan potion for 27 gold pieces
 21239 | D:12     | Bought a potion of mutation for 248 gold pieces
 21239 | D:12     | Bought a sedimented red potion for 27 gold pieces
 21239 | D:12     | Bought a clear potion for 27 gold pieces
 22163 | D:13     | Reached skill level 11 in Stealth
 22340 | D:13     | Gained mutation: Your magical capacity is low. (-10% MP) [a
                  | neqoxec]
 22359 | D:13     | Lost mutation: Your magical capacity is low. (-10% MP)
                  | [potion of mutation]
 22359 | D:13     | Gained mutation: Your mind is acute. (Int +4, Str/Dex-1)
                  | [potion of mutation]
 22359 | D:13     | Gained mutation: Your flesh is heat resistant. (rF+)
                  | [potion of mutation]
 22684 | D:14     | Reached skill level 12 in Stealth
 23759 | D:13     | Noticed Maurice
 23791 | D:13     | Killed Maurice
 23791 | D:13     | Gained mutation: Your system is resistant to poisons.
                  | (rPois) [a neqoxec]
 23792 | D:13     | Reached skill level 13 in Stealth
 24388 | D:13     | Reached skill level 10 in Long Blades
 24388 | D:13     | Reached XP level 14. HP: 50/106 MP: 20/20
 25102 | Lair:4   | Reached skill level 14 in Stealth
 25212 | Lair:5   | Found a staircase to the Slime Pits.
 25246 | Lair:5   | Learned a level 5 spell: Irradiate
 25575 | Lair:5   | Acquired a +4 ring of evasion
 25692 | Lair:5   | Identified the +7 glaive "Jahoiske" {venom, rF++ rCorr
                  | Str-3 Stlth+}
 25700 | Lair:5   | Reached skill level 1 in Conjurations
 25700 | Lair:5   | Reached skill level 1 in Transmutations
 26478 | Lair:6   | Entered Level 6 of the Lair of Beasts
 27178 | Lair:6   | Reached ***** piety under Ashenzari
 28315 | Lair:6   | Reached skill level 15 in Stealth
 30545 | Lair:6   | Found a one-way gate to the infinite horrors of the Abyss.
 30998 | Lair:6   | Reached XP level 15. HP: 113/113 MP: 21/21
 31081 | Lair:6   | Found a corrupted altar of Lugonu.
 31551 | Orc:1    | Entered Level 1 of the Orcish Mines
 32132 | Orc:1    | Reached skill level 5 in Conjurations
 32381 | Orc:2    | Entered Level 2 of the Orcish Mines
 32392 | Orc:2    | Reached skill level 5 in Transmutations
 32464 | Orc:2    | Noticed an orc warlord
 32491 | Orc:2    | Slain by an orc warlord

Illustrated notes

Levels and vault maps discovered:
D:1:      dpeg_arrival_signposts, layout_loops_corners, serial_forest,
          infiniplex_forest_corner_2, infiniplex_forest_clump_small,
          infiniplex_forest_corner_2, infiniplex_forest_corner_1,
          infiniplex_forest_straight_3, infiniplex_forest_lined_room_2,
          minmay_pentomino_q2
D:2:      layout_loops_ring, st_stairs_7
D:3:      layout_basic, nicolae_ecumenical_pavilion,
          amcnicky_mini_rare_corridor_liquid
D:4:      layout_loops_ring, nicolae_tso_swordbearing_angel,
          nicolae_ru_sacrificial_ziggurat, uniq_robin
D:5:      layout_cave_pools, minmay_temple_entry_gardened_gates
D:6:      layout_loops_corners, general_overflow_altar, serial_shops,
          nicolae_shop_behind_doors, nicolae_sextant, uniq_edmund
D:7:      layout_basic, mainiacjoe_overflow_paths, hex_tiny, kennysheep_doodads,
          uniq_pikel, uniq_prince_ribbit1
D:8:      old_forge, layout_loops_cross, lemuel_doored_altar, kennysheep_mini,
          minmay_lair_entry_grove, uniq_grum
D:9:      layout_loops_ring, mainiacjoe_overflow_alcove_1, fedhas_altar_4,
          mainiacjoe_overflow_chevrons, mainiacjoe_overflow_small_starburst,
          amcnicky_altar_gilded
D:10:     layout_irregular_city
D:11:     layout_rooms, orc_0_dummy, uniq_psyche
D:12:     layout_loops_ring, serial_shops, nicolae_stop_n_shop_2
D:13:     layout_cross, serial_demonic, serial_demonic_b, serial_demonic_e,
          serial_demonic_e, serial_demonic_g, serial_demonic_d,
          serial_demonic_a, serial_demonic_e, uniq_maurice
D:14:     layout_small_grid, david_vaults_2, minmay_statue_crystal_thing,
          uniq_louise
Temple:   minmay_freezing_vapour_temple
Lair:1:   beast_lair_carwin_large_1, layout_cave_pods, grunt_megastairs_5,
          lemuel_fruit_fields
Lair:2:   layout_small_grid, minmay_swamp_entry_worms, serial_bayou_pond_e,
          grunt_forest_small_clearing_treed
Lair:3:   layout_chaotic_city, basic_altar, dreamdust_wasp_nest
Lair:4:   layout_loops_ring, guppyfry_snake_entry_garden,
          infiniplex_staircase_pool
Lair:5:   dreamdust_isle_of_ice, layout_cave_shapes, slime_dummy
Lair:6:   hellmonk_lair_end_abyssal_woods, layout_long_grid, serial_rivers,
          chequers_serial_rivers_small_3, chequers_serial_rivers_marsh,
          chequers_serial_rivers_room_b, chequers_serial_rivers_micro_d,
          infiniplex_staircase_pool_2
Orc:1:    layout_caves
Orc:2:    st_orc_mages, layout_diamond_mine, nicolae_orc_lava_room

Skill      XL: |  1  2  3  4  5  6  7  8  9 10 11 12 13 14 15 |
---------------+----------------------------------------------+-----
Stealth        | 1 2 6 9 13 15 | 15.8
Short Blades   | 1 2 3 4 5 7 8 9 |  9.4
Shields        | 1 2 3 4 5 |  5.6
Evocations     | 1 2 |  2.1
Dodging        | 4 5 7 8 |  8.2
Fighting       | 4 5 7 8 10 11 | 11.0
Translocations | 4 6 8 |  8.5
Long Blades    | 5 7 10 11 | 11.6
Throwing       | 3 6 7 |  7.0
Conjurations   | 4 5 |  5.1
Transmutations | 4 5 |  5.1
Spellcasting   | |  2.0

Action                   |  1- 3 |  4- 6 |  7- 9 | 10-12 | 13-15 || total
-------------------------+-------+-------+-------+-------+-------++-------
Melee: Falchion          |    33 |       |       |       |       ||    33
       Constrict         |    17 |    36 |    45 |    87 |   108 ||   293
       Tentacles         |    10 |    27 |    63 |   202 |   304 ||   606
       Dagger            |    35 |   116 |   227 |   446 |    67 ||   891
       Punch             |       |     4 |     3 |    17 |    18 ||    42
       Long sword        |       |       |       |   134 |       ||   134
       Short sword       |       |       |       |   117 |    35 ||   152
       Double sword      |       |       |       |       |   792 ||   792
 Fire: Hunting sling     |       |       |       |       |    28 ||    28
Throw: Boomerang         |       |     6 |    25 |   112 |   112 ||   255
 Cast: Blink             |       |     3 |    14 |    42 |    46 ||   105
       Apportation       |       |       |       |       |     2 ||     2
       Irradiate         |       |       |       |       |     5 ||     5
Invok: Curse Item        |       |       |       |     7 |     4 ||    11
Evoke: Wand              |       |       |     2 |    12 |    16 ||    30
       Phantom mirror    |       |       |       |       |     2 ||     2
       Tin of tremorston |       |       |       |       |     2 ||     2
  Use: Scroll            |     3 |     1 |     8 |    12 |     2 ||    26
       Potion            |       |       |     1 |       |     4 ||     5
 Stab: Sleeping          |     9 |    12 |     9 |    26 |     7 ||    63
       Distracted        |       |     2 |       |       |     5 ||     7
Armor: Skin              |     4 |     6 |    18 |    73 |    86 ||   187
Dodge: Dodged            |    48 |    33 |    82 |   287 |   570 ||  1020
Block: Buckler           |     4 |    24 |    87 |   247 |   448 ||   810
       Reflection        |       |       |     5 |     9 |     1 ||    15

Table legend: (Time is in decaauts)
 A = Elapsed time spent in this place.
 B = Non-inter-level travel time spent in this place.
 C = Inter-level travel time spent in this place.
 D = Time resting spent in this place.
 E = Time spent auto-exploring this place.
 F = Levels seen in this place.
 G = Mean time per level.
                   A        B        C        D        E       F      G
               +--------+--------+--------+--------+--------+-----+--------+
         Total |  32020 |  30268 |   1752 |   4498 |  20717 |  23 | 1392.2 |
       Dungeon |  19449 |  18304 |   1145 |   2725 |  12738 |  14 | 1389.2 |
        Temple |     59 |     55 |      4 |      0 |     54 |   1 |   59.0 |
          Lair |  11857 |  11262 |    595 |   1772 |   7434 |   6 | 1976.2 |
  Orcish Mines |    654 |    647 |      7 |      0 |    491 |   2 |  327.0 |
               +--------+--------+--------+--------+--------+-----+--------+

Top non-repeatable levels by time:
  Lair:6: 3018 daAuts
  Lair:5: 2885 daAuts
     D:8: 2462 daAuts
  Lair:4: 2092 daAuts
     D:2: 1859 daAuts
     D:1: 1575 daAuts
     D:9: 1572 daAuts
     D:7: 1566 daAuts
     D:6: 1530 daAuts
  Lair:2: 1483 daAuts
    D:13: 1459 daAuts
    D:10: 1325 daAuts
     D:4: 1312 daAuts
  Lair:1: 1243 daAuts
    D:11: 1155 daAuts
